 Dungeon Crawl Stone Soup version 0.28-a0-925-gd5e1996cdb (webtiles) character file.

Game seed: 221390963211263453

140 croobank the Grave Robber (level 5, -2/36 HPs)
             Began as a Vampire Necromancer on Nov 26, 2021.
             Slain by a water moccasin (6 damage)
             ... on level 4 of the Dungeon.
             The game lasted 00:16:54 (2539 turns).

croobank the Grave Robber (Vampire Necromancer)     Turns: 2539, Time: 00:16:58

Health: -2/36      AC:  2    Str:  8    XL:     5   Next: 2%
Magic:  4/9        EV: 12    Int: 18    God:
Gold:   24         SH:  0    Dex: 14    Spells: 4/9 levels left

rFire   . . .      SeeInvis +   d - +0 spear
rCold   . . .      Faith    .   (no shield)
rNeg    . . .      Spirit   .   a - +0 robe
rPois   .          Reflect  .   (no helmet)
rElec   .          Harm     .   (no cloak)
rCorr   .          Rampage  .   (no gloves)
Will    .....                   (no boots)
Stlth   ++........              (no amulet)
HPRegen 0.32/turn               (no ring)
MPRegen 0.11/turn               (no ring)

@: lethally poisoned (-2 -> -6), healing quickly
A: alive, fangs 3, see invisible, vampiric 2
a: Exsanguinate


You were on level 4 of the Dungeon.
You visited 1 branch of the dungeon, and saw 4 of its levels.

You collected 94 gold pieces.
You spent 70 gold pieces at shops.

Inventory:

Hand Weapons
 d - a +0 spear (weapon)
 e - a +0 whip
 f - a +0 trident
 g - a +0 short sword
 h - a +0 dagger
 k - a +0 war axe
 u - a +0 long sword
Missiles
 i - 27 bolts
 m - 27 stones
 s - 2 atropa-tipped darts
Armour
 a - a +0 robe (worn)
Wands
 r - a wand of iceblast (7)
Scrolls
 q - 2 scrolls of teleportation
 t - a scroll of acquirement {unknown}
 v - a scroll of fog {unknown}
Potions
 b - 2 potions of attraction
 j - a potion of ambrosia {unknown}
 l - 2 potions of mutation {unknown}
 n - a potion of lignification {unknown}
 p - a potion of berserk rage {unknown}


   Skills:
 + Level 0.3 Fighting
 * Level 1.9 Polearms
 + Level 2.8 Dodging
 + Level 3.2 Stealth
 + Level 2.9 Spellcasting
 + Level 5.3 Necromancy


You had 4 spell levels left.
You knew the following spells:

 Your Spells              Type           Power      Damage    Failure   Level
a - Pain                  Necr           84%        1d8       1%          1
b - Animate Skeleton      Necr           42%        N/A       1%          1
c - Vampiric Draining     Necr           21%        2d7       5%          3

Your spell library contained the following spells:

 Spells                   Type           Power      Damage    Failure   Level
 Animate Dead             Necr           10%        N/A       19%         4
 Passage of Golubria      Tloc           2%         N/A       86%         4
 Agony                    Necr           21%        N/A       45%         5
 Silence                  Hex/Air        1%         N/A       99%         5
 Lehudib's Crystal Spear  Conj/Erth      1%         10d2      100%        8


Dungeon Overview and Level Annotations

Branches:
Dungeon (4/15)
 Temple: D:4-7

Altars:

Shops:
D:1 =:*:[


Innate Abilities, Weirdness & Mutations

Your natural rate of healing is accelerated.
You have razor-sharp teeth.
You have supernaturally acute eyesight. (SInv)
You are afflicted with vampirism and can become a bat while bloodless.


Message History

You hit the water moccasin.
The water moccasin is severely wounded.
You feel sick. The water moccasin bites you!
* * * LOW HITPOINT WARNING * * *
You feel much better.
You feel sick.
You are no longer poisoned.
The water moccasin bites you!
You are poisoned.
The water moccasin poisons you! The water moccasin bites you!
You hit the water moccasin.
The water moccasin is severely wounded.
You feel very sick. The water moccasin barely misses you.
You hit the water moccasin but do no damage.
The water moccasin is severely wounded.
You feel very sick. The water moccasin barely misses you.
You hit the water moccasin.
The water moccasin is almost dead.
You feel sick. The water moccasin bites you.
* * * LOW HITPOINT WARNING * * *
The water moccasin barely misses you.
You feel better. The water moccasin bites you.
You are poisoned.
The water moccasin poisons you!
Reach: d) +0 spear
Press: ? - help, Dir - move target, f/p - water moccasin
Aim: a water moccasin (almost dead, about 58% to evade your +0 spear)
You barely miss the water moccasin.
The water moccasin is almost dead.
You feel very sick. The water moccasin misses you.
The water moccasin bites you.
* * * LOW HITPOINT WARNING * * *
Aiming: Pain (safe; 1% risk of failure)
Press: ? - help, Q - select action, (/) - cycle Shift-Dir - straight line, f/p - water moccasin
Aim: a water moccasin (almost dead, chance to affect: 80%)
The water moccasin writhes in agony.
* * * LOW HITPOINT WARNING * * *
You feel sick. The water moccasin bites you.
You die...

#........#
#........ .
#........ .
#....... .
#....... . #.....#
###### .. #...S.#
###....# #. #@#
##......## #
#.###........## #
#.##..........## #
#.#............#
#..............##
#...............#
#...............##
#)...............#
#.#...............


You could see a water moccasin.

Vanquished Creatures
  A hound (D:4)
  A centaur skeleton (D:2)
  4 adders
  A worm (D:2)
  A bat (D:2)
  An endoplasm (D:2)
  A giant cockroach (D:1)
  5 goblins
  5 hobgoblins
  7 jackals
  A kobold (D:1)
  5 ball pythons
  3 frilled lizards
  3 rats (D:1)
39 creatures vanquished.

Notes
Turn   | Place    | Note
-------+----------+-------------------------------------------
     0 | D:1      | croobank the Vampire Necromancer began the quest for the
                  | Orb.
     0 | D:1      | Reached XP level 1. HP: 13/13 MP: 3/3
    68 | D:1      | Learned a level 1 spell: Animate Skeleton
   142 | D:1      | Found Holiufie's Armour Boutique.
   146 | D:1      | Found a faded altar of an unknown god.
   200 | D:1      | Found Luliyt's Book Shoppe.
   222 | D:1      | Found Ytexeere's Jewellery Shop.
   337 | D:1      | Found Jadibe's General Store.
   408 | D:1      | Found Zonun's Book Shoppe.
   417 | D:1      | Reached XP level 2. HP: 16/19 MP: 1/5
   731 | D:2      | Reached skill level 1 in Polearms
   731 | D:2      | Gained mutation: You are afflicted with vampirism and can
                  | become a bat while bloodless. [Vampire growth]
   731 | D:2      | Reached XP level 3. HP: 8/24 MP: 3/6
   984 | D:2      | Reached skill level 5 in Necromancy
  1289 | D:2      | Reached XP level 4. HP: 8/30 MP: 6/8
  1708 | D:1      | Bought a potion of heal wounds for 70 gold pieces
  1822 | D:3      | Learned a level 3 spell: Vampiric Draining
  2390 | D:4      | Reached XP level 5. HP: 17/36 MP: 6/9
  2521 | D:4      | Noticed a water moccasin
  2539 | D:4      | Slain by a water moccasin

Illustrated notes

Levels and vault maps discovered:
D:1:      wander_arrival_fairy_ring, layout_rooms, basic_ecumenical_altar,
          serial_shops, nicolae_shop_crystal, shop, nicolae_shop_stone, shop,
          shop, minivault_11
D:2:      layout_rooms, nrook_uturn
D:3:      layout_loops_ring
D:4:      layout_cave_pods, minmay_temple_entry_junction_2, uniq_robin,
          uniq_pikel

Skill      XL: |  1  2  3 |
---------------+----------+-----
Polearms       | 1 |  1.9
Necromancy     | 5 |  5.3
Fighting       | |  0.3
Dodging        | |  2.8
Stealth        | |  3.2
Spellcasting   | |  2.9

Action                   |  1- 3 |  4- 6 || total
-------------------------+-------+-------++-------
Melee: Spear             |    41 |    42 ||    83
       Bite              |     2 |     3 ||     5
 Cast: Pain              |    55 |    15 ||    70
       Vampiric Draining |       |     2 ||     2
  Use: Scroll            |     4 |     2 ||     6
       Potion            |     1 |     2 ||     3
 Stab: Sleeping          |       |     2 ||     2
Armor: Robe              |    18 |     6 ||    24
Dodge: Dodged            |    42 |    27 ||    69

Table legend: (Time is in decaauts)
 A = Elapsed time spent in this place.
 B = Non-inter-level travel time spent in this place.
 C = Inter-level travel time spent in this place.
 D = Time resting spent in this place.
 E = Time spent auto-exploring this place.
 F = Levels seen in this place.
 G = Mean time per level.
                   A        B        C        D        E       F      G
               +--------+--------+--------+--------+--------+-----+--------+
         Total |   2545 |   2322 |    223 |    442 |   1342 |   4 |  636.2 |
       Dungeon |   2545 |   2322 |    223 |    442 |   1342 |   4 |  636.2 |
               +--------+--------+--------+--------+--------+-----+--------+

Top non-repeatable levels by time:
     D:2: 936 daAuts
     D:1: 773 daAuts
     D:3: 611 daAuts
     D:4: 224 daAuts
